 Dungeon Crawl Stone Soup version 0.27.1 (webtiles) character file.

Game seed: 4471483343037541534

861 Destapler the Unbeliever (level 7, -1/63 HPs)
             Began as a Deep Dwarf Fighter on Aug 27, 2021.
             Slain by an orc warrior (8 damage)
             ... on level 6 of the Dungeon.
             The game lasted 00:11:30 (3611 turns).

Destapler the Unbeliever (Deep Dwarf Fighter)       Turns: 3611, Time: 00:11:31

Health: -1/63      AC:  9    Str: 21    XL:     7   Next: 71%
Magic:  3/3 (9)    EV:  9    Int:  9    God:
Gold:   359        SH: 10    Dex: 12    Spells: 6/6 levels left

rFire    . . .     SeeInvis .   a - +3 flail (antimagic)
rCold    . . .     Faith    .   c - +0 kite shield
rNeg     . . .     Spirit   .   b - +0 scale mail
rPois    .         Reflect  .   l - +0 helmet
rElec    .         Harm     .   (no cloak)
rCorr    +         Rampage  .   e - +0 pair of gloves
Will     +....                  (no boots)
Stlth    +.........             (no amulet)
HPRegen  0.00/turn              p - ring of resist corrosion
MPRegen  0.08/turn              (no ring)

@: no status effects
A: damage resistance, heal wounds, sense surroundings 1, no regeneration
a: Heal Wounds


You were on level 6 of the Dungeon.
You visited 1 branch of the dungeon, and saw 6 of its levels.

You collected 359 gold pieces.

Inventory:

Hand Weapons
 a - a +3 antimagic flail (weapon)
 k - a +2 mace of draining
Missiles
 g - 4 javelins
Armour
 b - a +0 scale mail (worn)
 c - a +0 kite shield (worn)
 e - a +0 pair of gloves (worn)
 l - a +0 helmet (worn)
Jewellery
 p - a ring of resist corrosion (left hand)
Scrolls
 d - 2 scrolls of blinking {unknown}
 f - 6 scrolls of identify {unknown}
 h - 2 scrolls of enchant weapon {unknown}
 n - a scroll of magic mapping {unknown}
 q - 2 scrolls of teleportation {unknown}
 r - a scroll of enchant armour {unknown}
 t - a scroll of immolation {unknown}
 u - a scroll of fear {unknown}
Potions
 i - a potion of resistance {unknown}
 j - a potion of curing {unknown}
 m - a potion of heal wounds {unknown}
 o - 2 potions of brilliance {unknown}
 s - 2 potions of berserk rage {unknown}
 v - 2 potions of flight {unknown}


   Skills:
 + Level 3.8 Fighting
 - Level 2.2 Axes
 + Level 4.6 Armour
 + Level 2.8 Dodging
 - Level 3.0 Stealth
 + Level 5.5 Shields
 + Level 6.5 Invocations


You had 6 spell levels left.
You didn't know any spells.
Your spell library contained the following spells:

 Spells                   Type           Power      Damage    Failure   Level
 Frozen Ramparts          Ice            0%         1d2       100%        3
 Ice Form                 Ice/Tmut       0%         N/A       100%        4
 Summon Ice Beast         Ice/Summ       0%         N/A       100%        4


Dungeon Overview and Level Annotations

Branches:
Dungeon (6/15)
 Temple: D:4-7

Altars:


Innate Abilities, Weirdness & Mutations

You are resistant to damage.
You can heal yourself by infusing magical energy.
You passively map a small area around you.
You do not regenerate.


Message History

You destroy the phantom!
No target in view!
You open the door.
There is an open door here.
Found a scroll labelled OMOMUO BIHIRAUTT.
f - 6 scrolls labelled OMOMUO BIHIRAUTT (gained 1)
You open the door.
There is an open door here.
Found 2 silvery potions.
v - 2 silvery potions
Found a stone staircase leading down.
Done exploring.
Done exploring.
(D) Dungeon
Where to? (Enter - D:4 @ (x,y), ? - help)
There is a stone staircase leading down here.
You climb downwards.
Found a hand axe.
There is a stone staircase leading up here.
An orc and an orc warrior come into view.
Found 15 poisoned darts.
The orc warrior shouts!
The orc shouts!
You hear a shout!
An orc comes into view. It is wielding a +0 club.
You feel much better.
An orc priest comes into view. It is wielding a +1 dagger of venom.
An orc comes into view. It is wielding a +0 short sword.
The orc priest shouts!
The orc shouts!
You block the orc's attack.
You barely miss the orc. The orc hits you but does no damage.
The orc priest calls down the wrath of Beogh upon you.
Beogh smites you!
* * * LOW HITPOINT WARNING * * *
You closely miss the orc warrior. You block the orc warrior's attack.
You sock the orc warrior!
The orc warrior is moderately wounded.
The orc warrior hits you with a +0 mace!
* * * LOW HITPOINT WARNING * * *
The orc priest casts a cantrip, but nothing happens.
The orc warrior hits you with a +0 mace!
You die... * ,, ... ... , * .,... ..# ** #.#.#,#.#* , * #.#.# .oo

, , ...# #o# *
,* #.###o# , #
#...#o# , *
#.###.#.#@#* , *
#.<.....#.......
, ,
##.###.#.###.###
#.# #.#(# , #..
#.#.# * ,
,)..,....# * **
* *###.#.### *
*.#.# .#.#


You could see an orc warrior, an orc priest and 3 orcs.

Vanquished Creatures
  Edmund (D:5)
  An ogre (D:5)
  2 phantoms (D:5)
  A bullfrog (D:3)
  2 centaur zombies (D:5)
  A bullfrog zombie (D:5)
  3 hounds
  An orc wizard (D:4)
  A hound zombie (D:5)
  10 gnolls
  4 adders
  A worm (D:4)
  2 dart slugs
  8 orcs (D:4)
  8 endoplasms
  5 giant cockroaches
  7 goblins
  7 hobgoblins
  11 jackals
  4 quokkas
  2 ball pythons (D:4)
  6 bats
  2 frilled lizards (D:3)
  7 kobolds
  A quokka skeleton (D:4)
  2 rats (D:1)
100 creatures vanquished.

Notes
Turn   | Place    | Note
-------+----------+-------------------------------------------
     0 | D:1      | Destapler the Deep Dwarf Fighter began the quest for the
                  | Orb.
     0 | D:1      | Reached XP level 1. HP: 20/20 MP: 1/1
   127 | D:1      | Reached skill level 1 in Invocations
   215 | D:1      | Reached XP level 2. HP: 27/27 MP: 1/3
   531 | D:1      | Reached skill level 2 in Invocations
   889 | D:2      | Reached XP level 3. HP: 20/33 MP: 3/5
   948 | D:2      | Reached skill level 3 in Invocations
  1202 | D:2      | Reached XP level 4. HP: 32/40 MP: 5/5
  1216 | D:2      | Reached skill level 4 in Invocations
  1614 | D:3      | Noticed a bullfrog
  1631 | D:3      | Killed a bullfrog
  1632 | D:3      | Reached skill level 5 in Invocations
  1632 | D:3      | Reached XP level 5. HP: 35/46 MP: 7/7
  1906 | D:3      | Reached skill level 1 in Stealth
  2273 | D:4      | Reached skill level 1 in Dodging
  2273 | D:4      | Reached XP level 6. HP: 14/56 MP: 8/8
  2990 | D:5      | Entered Level 5 of the Dungeon
  3054 | D:5      | Reached skill level 5 in Shields
  3111 | D:5      | Reached XP level 7. HP: 20/62 MP: 9/9
  3179 | D:5      | Noticed Edmund
  3190 | D:5      | Killed Edmund
  3191 | D:5      | Reached skill level 6 in Invocations
  3611 | D:6      | Slain by an orc warrior

Illustrated notes

Levels and vault maps discovered:
D:1:      dpeg_arrival_shrine, layout_basic, serial_rivers,
          chequers_serial_rivers_micro_a, chequers_serial_rivers_small_3,
          chequers_serial_rivers_small_b, chequers_serial_rivers_micro_e,
          chequers_serial_rivers_small_a, chequers_serial_rivers_room_b
D:2:      layout_loops_cross
D:3:      layout_loops_cross
D:4:      layout_cave_pods, minmay_door_square
D:5:      layout_basic, uniq_edmund
D:6:      layout_loops_ring, gammafunk_ghost_arena, serial_shops,
          nicolae_lakefront_shop, uniq_duvessa

Skill      XL: |  1  2  3  4  5  6  7 |
---------------+----------------------+-----
Invocations    | 1 2 3 5 6 |  6.5
Shields        | 4 5 |  5.5
Stealth        | 1 2 3 |  3.0
Fighting       | 3 |  3.8
Dodging        | 1 2 |  2.8
Armour         | 4 |  4.6
Axes           | |  2.2

Action                   |  1- 3 |  4- 6 |  7- 9 || total
-------------------------+-------+-------+-------++-------
Melee: War axe           |   107 |       |       ||   107
       Mace              |    22 |   206 |    15 ||   243
       Flail             |       |       |    28 ||    28
 Abil: Heal Wounds       |     3 |     5 |     2 ||    10
  Use: Potion            |       |     1 |       ||     1
Armor: Scale mail        |    62 |   112 |    21 ||   195
Dodge: Dodged            |    43 |    81 |    16 ||   140
Block: Kite shield       |    84 |   159 |    33 ||   276
